[Event "Titled Tuesday Blitz August 22 Late 2023"]
[White "Karttunen, Mika"]
[Black "Silva Lucena, Cristian"]
[WhiteFideId "502081"]
[BlackFideId "2232588"]
[WhiteElo "2635"]
[BlackElo "2420"]
[Result "0-1"]
[Round "4"]
[TimeControl "180+1"]
[Date "2023.08.22"]
[WhiteClock "0:00:04"]
[BlackClock "0:00:41"]
[Board "121"]

1. e4 e5 2. Nf3 Nc6 3. Bb5 g6 4. c3 a6 5. Ba4 d6 6. d4 Bd7 7. Bc2 Bg7 8. h3 Nf6 9. Be3 O-O 10. Nbd2 exd4 11. cxd4 Nb4 12. Bb1 Bb5 13. Nb3 a5 14. a3 Nc6 15. d5 Nb8 16. Nbd4 Ba6 17. Nd2 Re8 18. Qf3 Nxd5 19. Kd1 Nxe3+ 20. fxe3 Nd7 21. Ba2 Ne5 22. Qf4 Rf8 23. g4 Nd3 24. Qf3 Nxb2+ 25. Kc2 Nd3 26. h4 Ne5 27. Qg3 c5 28. N4b3 b5 29. h5 a4 30. Nc1 b4 31. Bd5 b3+ 32. Kd1 b2 33. Rb1 bxc1=Q+ 34. Rxc1 Nd3 35. Qh2 g5 36. h6 Be5 37. Qh5 Nf2+ 38. Kc2 Nxh1 39. Rxh1 Qa5 40. Qxg5+ Kh8 41. Qg7+ Bxg7 42. hxg7+ Kxg7 43. Nf3 0-1


[Site "https://www.chess.com"]

[Event "Titled Tuesday Blitz August 22 Late 2023"]
[White "Almiron, Antonio"]
[Black "Bueno, Alfeu Junior Varela"]
[WhiteFideId "3701166"]
[BlackFideId "2108879"]
[WhiteElo "2627"]
[BlackElo "2417"]
[Result "1-0"]
[Round "4"]
[TimeControl "180+1"]
[Date "2023.08.22"]
[WhiteClock "0:01:04"]
[BlackClock "0:00:07"]
[Board "122"]

1. e4 e6 2. d4 d5 3. Nc3 Nf6 4. e5 Nfd7 5. f4 c5 6. Nf3 Nc6 7. Be3 cxd4 8. Nxd4 Bc5 9. Qd2 O-O 10. O-O-O a6 11. h4 Nxd4 12. Bxd4 b5 13. Rh3 b4 14. Na4 Bxd4 15. Qxd4 Qa5 16. b3 Bb7 17. c3 Rfc8 18. Kb2 bxc3+ 19. Rxc3 Rxc3 20. Qxc3 Qxc3+ 21. Kxc3 Bc6 22. Kb4 Rb8+ 23. Ka5 Bb5 24. Rc1 Kf8 25. h5 Ke8 26. g4 Kd8 27. Bh3 Bxa4 28. Kxa4 Rb5 29. Bf1 Nb6+ 30. Ka3 Ra5+ 31. Kb2 d4 32. Rc6 Nd5 33. a3 Nxf4 34. Bc4 d3 35. b4 Rxe5 36. Bxa6 Re2+ 37. Kb3 Kd7 38. Rc4 Rf2 39. Rd4+ Kc6 40. Bxd3 Rf3 41. Kc4 e5 42. Be4+ Kb6 43. Rd6+ Kc7 44. Rc6+ Kd7 45. Bxf3 1-0


[Site "https://www.chess.com"]

[Event "Titled Tuesday Blitz August 22 Late 2023"]
[White "Ronka, Erik"]
[Black "Jakubowski, Krzysztof"]
[WhiteFideId "505080"]
[BlackFideId "1112848"]
[WhiteElo "2416"]
[BlackElo "2620"]
[Result "0-1"]
[Round "4"]
[TimeControl "180+1"]
[Date "2023.08.22"]
[WhiteClock "0:00:00"]
[BlackClock "0:00:16"]
[Board "123"]

1. e4 c5 2. Nf3 e6 3. d4 cxd4 4. Nxd4 Nc6 5. Nc3 Qc7 6. Be3 a6 7. Qd2 Nf6 8. O-O-O Be7 9. f3 b5 10. Nxc6 dxc6 11. g4 O-O 12. Qf2 Nd7 13. h4 a5 14. g5 a4 15. Kb1 b4 16. Ne2 b3 17. h5 bxc2+ 18. Kxc2 Rb8 19. g6 Ne5 20. Nc3 Qa5 21. Bc1 Bf6 22. f4 Ng4 23. Qe2 a3 24. e5 axb2 25. Bxb2 Nxe5 26. fxe5 Bxe5 27. gxh7+ Kh8 28. Rb1 Rxb2+ 29. Rxb2 Qxc3+ 30. Kb1 Ba6 31. Qc2 Qe1+ 32. Qc1 Qe4+ 33. Rc2 Rb8+ 34. Bb5 Rxb5+ 0-1


[Site "https://www.chess.com"]

[Event "Titled Tuesday Blitz August 22 Late 2023"]
[White "SergioMoralesG"]
[Black "Kim, Sergey"]
[BlackFideId "13700570"]
[WhiteElo "2415"]
[BlackElo "2605"]
[Result "0-1"]
[Round "4"]
[TimeControl "180+1"]
[Date "2023.08.22"]
[WhiteClock "0:00:00"]
[BlackClock "0:01:07"]
[Board "124"]

1. d4 Nf6 2. c4 g6 3. Nc3 Bg7 4. e4 d6 5. Nf3 O-O 6. Be2 e5 7. Be3 exd4 8. Nxd4 Re8 9. f3 Nbd7 10. Bf2 c6 11. O-O a5 12. Qd2 a4 13. b4 axb3 14. axb3 Rxa1 15. Rxa1 Qc7 16. Nc2 Nf8 17. Rd1 N6d7 18. Bd4 Be5 19. f4 Bxd4+ 20. Nxd4 Nc5 21. Bf3 Qb6 22. Kh1 Nfe6 23. Nxe6 Bxe6 24. Qxd6 Qxb3 25. Qxc5 Qxc3 26. Rb1 Qc2 27. Rxb7 Qc1+ 28. Qg1 Qxf4 29. c5 Ra8 30. Rb1 h5 31. Qc1 Qe5 32. Kg1 Ra5 33. Qe3 Qxc5 34. Qxc5 Rxc5 35. Kf2 Kg7 36. Ke3 Kf6 37. Kd4 Rc4+ 0-1


[Site "https://www.chess.com"]

[Event "Titled Tuesday Blitz August 22 Late 2023"]
[White "Mesa Cruz, Juan Carlos"]
[Black "Hilary46"]
[WhiteFideId "6423400"]
[WhiteElo "2415"]
[BlackElo "2599"]
[Result "1-0"]
[Round "4"]
[TimeControl "180+1"]
[Date "2023.08.22"]
[WhiteClock "0:00:06"]
[BlackClock "0:00:00"]
[Board "125"]

1. Nf3 d5 2. g3 Nf6 3. Bg2 c6 4. d3 Bg4 5. Nbd2 Nbd7 6. c4 e6 7. O-O Bc5 8. a3 a5 9. b3 O-O 10. Bb2 Re8 11. Rc1 e5 12. cxd5 cxd5 13. h3 Bxf3 14. Nxf3 Bd6 15. e4 d4 16. Nd2 b5 17. Rc6 Nb8 18. Rc2 a4 19. b4 Qd7 20. Qa1 Nc6 21. Rfc1 Rac8 22. Nf3 Ne7 23. Kh2 Rxc2 24. Rxc2 Rc8 25. Qc1 Rxc2 26. Qxc2 Qc6 27. Qxc6 Nxc6 28. g4 Nd7 29. Ne1 Nf8 30. h4 Ne6 31. Bc1 Nf4 32. Bxf4 exf4 33. f3 Nxb4 34. axb4 Bxb4 35. Nc2 Bc3 36. Bh3 b4 37. g5 a3 38. Bd7 a2 39. Ba4 Kf8 40. Kh3 Ke7 41. Kg4 f6 42. Kxf4 a1=Q 43. Nxa1 Bxa1 44. Kf5 fxg5 45. Kxg5 Bc3 46. f4 Bd2 47. Kf5 g6+ 48. Kg4 Kf6 49. e5+ Kg7 50. Bb3 h6 51. Kf3 Kf8 52. h5 gxh5 53. f5 Bg5 54. f6 Ke8 55. Ke4 h4 56. Kf3 Kd8 57. Kg4 Kc7 58. Kh3 Kd8 59. Kg4 Ke8 60. Kh3 Bf4 61. e6 Bg5 62. Ba4+ 1-0


[Site "https://www.chess.com"]

[Event "Titled Tuesday Blitz August 22 Late 2023"]
[White "Altman, Joshua"]
[Black "Balla, Tamas-Kristof"]
[WhiteFideId "426210"]
[BlackFideId "1208497"]
[WhiteElo "2595"]
[BlackElo "2413"]
[Result "0-1"]
[Round "4"]
[TimeControl "180+1"]
[Date "2023.08.22"]
[WhiteClock "0:00:00"]
[BlackClock "0:00:07"]
[Board "126"]

1. d4 d5 2. c4 e6 3. Nc3 c5 4. cxd5 exd5 5. Nf3 Nc6 6. g3 Nf6 7. Bg2 cxd4 8. Nxd4 Bc5 9. Nb3 Bb6 10. O-O d4 11. Na4 O-O 12. Nxb6 axb6 13. Bxc6 bxc6 14. Qxd4 c5 15. Qxd8 Rxd8 16. Bg5 Be6 17. Rad1 Rxd1 18. Rxd1 h6 19. Bxf6 gxf6 20. Nc1 Bxa2 21. Rd6 Be6 22. Nd3 c4 23. Nf4 b5 24. Rb6 Bd7 25. Nd5 Kg7 26. Nxf6 Bh3 27. f3 Ra1+ 28. Kf2 Rb1 29. Nh5+ Kf8 30. Rb8+ Ke7 31. Nf4 Bd7 32. Nd5+ Kd6 33. Nb6 Bc6 34. Na8 Rxb2 35. Rd8+ Kc5 36. Nc7 c3 37. Rd3 c2 38. Na6+ Kb6 39. Rc3 b4 40. Nxb4 Rxb4 41. Rxc2 Bd5 42. Rd2 Be6 43. Rd6+ Kc5 44. Rd2 Rc4 45. h4 h5 46. Rd8 Rd4 47. Rh8 Rd5 48. Rh6 Re5 49. f4 Re4 50. e3 Kc4 51. Rxh5 Kd3 52. Ra5 Kd2 53. Ra3 Rc4 54. h5 Bg4 55. h6 Rc6 56. Ra7 Rxh6 57. Rxf7 Rh2+ 58. Kf1 Kxe3 59. f5 Kf3 60. Ke1 Kxg3 61. f6 Re2+ 62. Kf1 Rd2 63. Re7 Rf2+ 64. Ke1 Rxf6 65. Re3+ Kf4 66. Re7 Bf3 67. Ra7 Rd6 68. Ra4+ Kg3 69. Ra1 Re6+ 0-1


[Site "https://www.chess.com"]

[Event "Titled Tuesday Blitz August 22 Late 2023"]
[White "Romero Ruscalleda, Josep"]
[Black "Veiga, Jose Francisco R P Neves"]
[WhiteFideId "2231859"]
[BlackFideId "1930087"]
[WhiteElo "2406"]
[BlackElo "2589"]
[Result "0-1"]
[Round "4"]
[TimeControl "180+1"]
[Date "2023.08.22"]
[WhiteClock "0:00:40"]
[BlackClock "0:01:32"]
[Board "127"]

1. e4 Nc6 2. d4 d5 3. Nc3 dxe4 4. d5 Ne5 5. Qd4 Ng6 6. Nxe4 Nf6 7. Nxf6+ exf6 8. Nf3 Bd6 9. Bb5+ Bd7 10. Bxd7+ Qxd7 11. O-O O-O 12. h3 Rfe8 13. c4 b6 14. a3 f5 15. b4 Re4 16. Qd3 Rae8 17. Bb2 Nf4 18. Qb3 f6 19. Rac1 Qf7 20. Rc2 Qg6 21. Nh4 Qg5 22. c5 Nxh3+ 23. Qxh3 Rxh4 24. Qf3 Bh2+ 25. Kh1 Qh6 26. g3 Bxg3+ 27. Kg2 Bf4 0-1


[Site "https://www.chess.com"]

[Event "Titled Tuesday Blitz August 22 Late 2023"]
[White "sebastianmarinp"]
[Black "Grebeniuk, Semen"]
[BlackFideId "14117509"]
[WhiteElo "2406"]
[BlackElo "2575"]
[Result "1/2-1/2"]
[Round "4"]
[TimeControl "180+1"]
[Date "2023.08.22"]
[WhiteClock "0:00:09"]
[BlackClock "0:00:06"]
[Board "128"]

1. e4 d5 2. exd5 Qxd5 3. Nc3 Qa5 4. d4 Nf6 5. Nf3 Bg4 6. h3 Bh5 7. g4 Bg6 8. Ne5 e6 9. Bg2 Be4 10. O-O Bxg2 11. Kxg2 Nbd7 12. Nxd7 Nxd7 13. f4 O-O-O 14. Be3 h5 15. g5 g6 16. Qf3 Qf5 17. Ne4 Bg7 18. a4 Nb8 19. c3 f6 20. Nc5 c6 21. a5 a6 22. Qe4 Qxe4+ 23. Nxe4 f5 24. Nc5 Rhe8 25. Rae1 Bf8 26. Na4 Nd7 27. Bc1 Bd6 28. Re2 Bc7 29. b4 Re7 30. Rfe1 Rde8 31. c4 Kd8 32. Kf3 Bd6 33. Bd2 Bc7 34. Bc3 Bd6 35. Nc5 Bxc5 36. dxc5 Kc7 37. Bf6 Rf7 38. Rxe6 Rxe6 39. Rxe6 Nf8 40. Rd6 Kc8 41. Rd8+ Kc7 42. Rd6 Kc8 43. Bd8 Rd7 44. Bb6 Rxd6 45. cxd6 Kd7 46. c5 Ne6 47. Ba7 Ke8 48. Bb8 Kd7 49. Ba7 Ke8 50. Bb6 Kd7 51. Ba7 1/2-1/2


[Site "https://www.chess.com"]

[Event "Titled Tuesday Blitz August 22 Late 2023"]
[White "Mazibuko, Khanya"]
[Black "luksona14"]
[WhiteFideId "14321041"]
[WhiteElo "2405"]
[BlackElo "2564"]
[Result "1-0"]
[Round "4"]
[TimeControl "180+1"]
[Date "2023.08.22"]
[WhiteClock "0:00:06"]
[BlackClock "0:00:17"]
[Board "129"]

1. e4 d6 2. d4 g6 3. Nc3 Bg7 4. Be3 a6 5. f4 b5 6. Nf3 Bb7 7. Bd3 Nd7 8. e5 e6 9. O-O Ne7 10. a4 b4 11. Ne4 Nf5 12. Bf2 d5 13. Nc5 Nxc5 14. dxc5 d4 15. Bxf5 gxf5 16. Nxd4 Be4 17. Qh5 Qe7 18. Rad1 O-O-O 19. Qe2 c6 20. Qxa6+ Qb7 21. Qb6 Qxb6 22. cxb6 Bf8 23. c3 Bc5 24. a5 Kb7 25. Ne2 Bxf2+ 26. Kxf2 Bc2 27. Rxd8 Rxd8 28. cxb4 Rd2 29. Ke3 Rd3+ 30. Kf2 Rd2 31. Re1 Be4 32. b3 Rb2 33. Kg3 Rxb3+ 34. Kh4 Rxb4 35. Ra1 Ka6 36. g3 c5 37. Kg5 Rb3 38. Kf6 Bf3 39. Nc1 Rb5 40. Kxf7 Bd5 41. Ne2 Rb3 42. Ng1 c4 43. Nh3 c3 44. Ng1 c2 45. Rc1 Be4 46. Ne2 Kxa5 47. b7 Rb6 48. b8=Q Rxb8 49. Kf6 Rb6 50. Ke7 Kb4 51. Nd4 Kc3 52. Nxe6 Rb1 53. Rxc2+ Kxc2 54. Ng5 Rb7+ 55. Kf6 Kd3 56. e6 Kd4 57. e7 Rb8 58. Nxh7 Kd5 59. Nf8 Kd6 60. h4 Re8 61. Ng6 Bf3 62. h5 Bxh5 63. Ne5 Rxe7 64. Kxf5 Be8 65. g4 Bd7+ 66. Kf6 Re6+ 67. Kg5 Ke7 68. Ng6+ Ke8 69. f5 Ra6 70. Ne5 Bc8 71. Nc4 Kf8 72. Ne3 Ra3 73. Nd5 Bb7 74. Nc7 Rg3 75. Ne6+ Kf7 76. Kf4 Rf3+ 77. Ke5 Rg3 78. Kf4 Rf3+ 79. Ke5 Bc8 80. Ng5+ Kf8 81. Nxf3 Bb7 82. Nd4 Bc8 83. Kf6 Bb7 84. g5 Bd5 85. g6 Kg8 86. Nb5 Bc6 87. Nc7 Bd5 88. Nxd5 1-0


[Site "https://www.chess.com"]

[Event "Titled Tuesday Blitz August 22 Late 2023"]
[White "Yang, Kevin"]
[Black "Guerra Tulcan, Lenin"]
[WhiteFideId "30908485"]
[BlackFideId "3601382"]
[WhiteElo "2405"]
[BlackElo "2552"]
[Result "1-0"]
[Round "4"]
[TimeControl "180+1"]
[Date "2023.08.22"]
[WhiteClock "0:00:21"]
[BlackClock "0:01:02"]
[Board "130"]

1. c4 e5 2. Nc3 Nf6 3. e3 a6 4. Nf3 d6 5. b4 Be7 6. Bb2 O-O 7. d4 exd4 8. Nxd4 a5 9. b5 Nbd7 10. Be2 Nc5 11. O-O a4 12. a3 Re8 13. Bf3 Bf8 14. Qc2 g6 15. Rad1 Bg7 16. Rfe1 Ng4 17. Nd5 Ne5 18. Be2 c6 19. bxc6 bxc6 20. Nb4 Qb6 21. f4 Ned7 22. Ndxc6 Rxe3 23. Bxg7 Kxg7 24. Qb2+ Nf6 25. Qxf6+ Kxf6 26. Nd5+ Kg7 27. Nxb6 Ra6 28. Nxc8 Rxc6 29. Nxd6 Rxa3 30. Bf3 Rc7 31. Ne8+ Kh6 32. Nxc7 Rc3 33. Bd5 a3 34. Nb5 Rb3 35. Ra1 Nd3 36. Rf1 Rb2 37. Rxa3 Nc5 38. Bxf7 Ne4 39. Bd5 Nd2 40. Rh3+ Kg7 41. Re1 Nb3 42. Nd6 Nd4 43. Re7+ Kf8 44. Rf7+ Kg8 45. Rb7+ Kf8 46. Rxb2 1-0


[Site "https://www.chess.com"]

[Event "Titled Tuesday Blitz August 22 Late 2023"]
[White "Delorme, Laurie"]
[Black "Musovic, Armin"]
[WhiteFideId "630829"]
[BlackFideId "939935"]
[WhiteElo "2401"]
[BlackElo "2548"]
[Result "0-1"]
[Round "4"]
[TimeControl "180+1"]
[Date "2023.08.22"]
[WhiteClock "0:01:29"]
[BlackClock "0:00:26"]
[Board "131"]

1. e4 c6 2. d3 g6 3. Nf3 Bg7 4. Be2 d5 5. O-O Nf6 6. e5 Nfd7 7. Bf4 O-O 8. d4 c5 9. c3 cxd4 10. cxd4 Nc6 11. Nc3 e6 12. Qd2 Re8 13. h4 h5 14. Bg5 Qa5 15. Qf4 Nf8 16. Bf6 Nh7 17. Ng5 Bxf6 18. exf6 Qb4 19. Nxh7 Kxh7 20. Rad1 Qf8 21. Rd3 Rd8 22. Bxh5 Qh6 23. Qxh6+ Kxh6 24. Bf3 a6 25. g4 b5 26. g5+ Kh7 27. Ne2 Nb4 28. Rb3 a5 29. a3 Nc6 30. Rc3 Bb7 31. Rfc1 Rd6 32. Rc5 b4 33. a4 Rad8 34. b3 e5 35. dxe5 Nxe5 36. Rc7 Nxf3+ 37. Kg2 Nxh4+ 38. Kh3 R6d7 39. Kxh4 d4 40. Nxd4 Rxd4+ 41. Kg3 Rd3+ 42. Kg4 R8d4+ 43. f4 Bf3+ 44. Kh4 Bd5 45. Kg4 Be6+ 46. Kh4 Rh3# 0-1


[Site "https://www.chess.com"]

[Event "Titled Tuesday Blitz August 22 Late 2023"]
[White "Jorajuria Mendoza, Algol"]
[Black "matenitian"]
[WhiteFideId "5128897"]
[WhiteElo "2401"]
[BlackElo "2535"]
[Result "1-0"]
[Round "4"]
[TimeControl "180+1"]
[Date "2023.08.22"]
[WhiteClock "0:00:04"]
[BlackClock "0:00:00"]
[Board "132"]

1. e4 e5 2. Nf3 Nc6 3. Bb5 Nge7 4. Nc3 Ng6 5. h4 Be7 6. h5 Nh4 7. Nxh4 Bxh4 8. Qg4 Bg5 9. d3 h6 10. Bxc6 dxc6 11. Bxg5 Qxg5 12. Qf3 Bg4 13. Qg3 O-O-O 14. f3 Qe3+ 15. Ne2 Be6 16. Qxe5 Rhe8 17. Qf4 Qb6 18. b3 Qa5+ 19. Qd2 Qa3 20. Qc1 Qc5 21. Qb2 f5 22. O-O-O Qe3+ 23. Rd2 fxe4 24. fxe4 Bg4 25. Nc3 Rf8 26. Nd1 Bxd1 27. Rxd1 Rf2 28. Qxg7 Rdf8 29. Qg4+ Kb8 30. c3 a5 31. Kc2 a4 32. Qh4 a3 33. g4 R8f3 34. Qd8+ Ka7 35. Qd4+ Qxd4 36. cxd4 Rxd2+ 37. Rxd2 Rg3 38. e5 Rxg4 39. Kc3 Kb8 40. Rf2 Kc8 41. Rf6 Rg2 42. e6 Kd8 43. Rxh6 Rxa2 44. Rh8+ Ke7 45. Rc8 Rh2 46. Rxc7+ Kxe6 47. Rxb7 a2 48. Ra7 Kd5 49. b4 Rxh5 50. Ra5+ 1-0


[Site "https://www.chess.com"]

[Event "Titled Tuesday Blitz August 22 Late 2023"]
[White "JerMorGurgeh"]
[Black "D`Arruda, Ricardo D."]
[BlackFideId "100692"]
[WhiteElo "2398"]
[BlackElo "2526"]
[Result "0-1"]
[Round "4"]
[TimeControl "180+1"]
[Date "2023.08.22"]
[WhiteClock "0:00:00"]
[BlackClock "0:00:45"]
[Board "133"]

1. d4 Nf6 2. Nf3 e6 3. g3 d5 4. c4 Be7 5. Bg2 O-O 6. Qc2 c5 7. O-O Nc6 8. dxc5 Bxc5 9. cxd5 Qxd5 10. Ng5 Nb4 11. Qc3 Qd4 12. Qxd4 Bxd4 13. Nc3 Nc6 14. Rd1 Rd8 15. Bxc6 bxc6 16. e3 Bb6 17. Rxd8+ Bxd8 18. Nge4 Be7 19. Nxf6+ Bxf6 20. Ne4 Be7 21. Bd2 Bb7 22. Rc1 Rd8 23. Be1 Rd5 24. b4 f5 25. Nc5 Bxc5 26. bxc5 Ba6 27. Bc3 Be2 28. f4 Rxc5 29. Bb2 Rb5 30. Bd4 Bf3 31. Rc2 Ra5 32. Rb2 c5 33. Be5 Bd5 34. Bd6 c4 35. Be5 Ra3 36. Kf2 Be4 37. h3 c3 0-1


[Site "https://www.chess.com"]

[Event "Titled Tuesday Blitz August 22 Late 2023"]
[White "Ismayil, Malak"]
[Black "Albertini, Luca"]
[WhiteFideId "13412604"]
[BlackFideId "847038"]
[WhiteElo "2519"]
[BlackElo "2396"]
[Result "0-1"]
[Round "4"]
[TimeControl "180+1"]
[Date "2023.08.22"]
[WhiteClock "0:00:00"]
[BlackClock "0:00:24"]
[Board "134"]

1. e4 e5 2. Nf3 Nc6 3. Bc4 Bc5 4. d3 Nf6 5. O-O d6 6. Nc3 Ne7 7. h3 Ng6 8. Be3 Bb6 9. Bb3 O-O 10. Bg5 c6 11. d4 exd4 12. Nxd4 h6 13. Be3 Re8 14. Qd3 Qe7 15. f3 Ne5 16. Qd2 Nh5 17. Bf2 Qg5 18. Qxg5 hxg5 19. Rad1 Kf8 20. Nde2 Bc7 21. Be3 b5 22. Bxg5 a5 23. a3 b4 24. axb4 axb4 25. Nb1 Bb6+ 26. Kh2 Ba6 27. Rd2 f6 28. Bh4 Be3 29. Re1 Bxd2 30. Nxd2 g5 31. Bf2 Bxe2 32. Rxe2 Nf4 33. Re1 Ke7 34. g3 Ne6 35. Kg2 Rh8 36. Nf1 Nc5 37. Bxc5 dxc5 38. Ne3 c4 39. Nxc4 Nxc4 40. Bxc4 Rhd8 41. Re2 Rd1 42. e5 f5 43. Bd3 f4 44. g4 Raa1 45. Re4 Rg1+ 46. Kf2 Rh1 47. Kg2 b3 48. cxb3 Rhd1 49. Be2 Rd2 50. Kf2 Ra2 51. Rb4 Raxb2 52. Re4 Ke6 53. Ke1 Rdc2 54. Bc4+ Ke7 55. Be2 Rxb3 56. Bd1 Rb1 57. Rd4 Rh2 0-1


[Site "https://www.chess.com"]

[Event "Titled Tuesday Blitz August 22 Late 2023"]
[White "laidfrq"]
[Black "Sreyas Payyappat"]
[BlackFideId "46674969"]
[WhiteElo "2395"]
[BlackElo "2517"]
[Result "1-0"]
[Round "4"]
[TimeControl "180+1"]
[Date "2023.08.22"]
[WhiteClock "0:01:09"]
[BlackClock "0:01:30"]
[Board "135"]

1. e4 c6 2. Nf3 d5 3. Nc3 dxe4 4. Nxe4 Nf6 5. Qe2 Nxe4 6. Qxe4 Nd7 7. Bc4 Nf6 8. Ne5 e6 9. Qe2 b5 10. Bb3 Qc7 11. O-O Bd6 12. d4 O-O 13. Bf4 a6 14. c4 Bb7 15. c5 Bxe5 16. Bxe5 Qe7 17. Bd6 Qd8 18. Bxf8 Qxf8 19. a4 Rd8 20. Rfd1 Rd7 21. a5 Qd8 22. Qe3 Qc7 23. Qe5 Qd8 24. Bc2 Rd5 25. Qe3 Rh5 26. h3 Qd5 27. g4 Nxg4 28. Qg3 Nh6 29. Qb8+ 1-0


[Site "https://www.chess.com"]

[Event "Titled Tuesday Blitz August 22 Late 2023"]
[White "Melikhov, Evgeny V."]
[Black "Gurevich, Dmitry"]
[WhiteFideId "4122046"]
[BlackFideId "2000407"]
[WhiteElo "2394"]
[BlackElo "2517"]
[Result "0-1"]
[Round "4"]
[TimeControl "180+1"]
[Date "2023.08.22"]
[WhiteClock "0:00:28"]
[BlackClock "0:01:16"]
[Board "136"]

1. d4 d5 2. c4 e6 3. Nc3 a6 4. cxd5 exd5 5. Nf3 Nf6 6. Bg5 Be6 7. e3 h6 8. Bh4 c6 9. Bd3 Nbd7 10. O-O Bd6 11. Bg3 Qc7 12. Bxd6 Qxd6 13. h3 O-O 14. a3 a5 15. Qc2 Rfc8 16. Na4 b6 17. Ne5 c5 18. Nxd7 Bxd7 19. dxc5 bxc5 20. Bf5 Rab8 21. Bxd7 Nxd7 22. Rfd1 Qe5 23. Qc3 Qxc3 24. Nxc3 Nf6 25. Nxd5 Nxd5 26. Rxd5 Rxb2 27. Rc1 c4 28. Rc3 Rb3 29. Rc2 Rxa3 30. Rd4 c3 31. Rd3 Rb3 32. Rd4 Rb2 0-1


[Site "https://www.chess.com"]

[Event "Titled Tuesday Blitz August 22 Late 2023"]
[White "Polaczek, Richard"]
[Black "arenal72"]
[WhiteFideId "200026"]
[WhiteElo "2393"]
[BlackElo "2517"]
[Result "0-1"]
[Round "4"]
[TimeControl "180+1"]
[Date "2023.08.22"]
[WhiteClock "0:00:00"]
[BlackClock "0:00:04"]
[Board "137"]

1. d4 d6 2. e4 Nf6 3. Nc3 e5 4. Nge2 exd4 5. Nxd4 Be7 6. g3 Nc6 7. Bg2 Nxd4 8. Qxd4 O-O 9. O-O c6 10. a4 Qc7 11. h3 Be6 12. b3 a6 13. a5 Rad8 14. Bb2 Rfe8 15. Rfd1 h6 16. f4 d5 17. exd5 cxd5 18. Kh2 Bc5 19. Qd3 d4 20. Na4 Ba7 21. Nb6 Nd7 22. Bxd4 Nxb6 23. axb6 Bxb6 24. Bxb6 Qxb6 25. Qf3 Re7 26. Rxd8+ Qxd8 27. Rd1 Qc8 28. c4 b5 29. cxb5 axb5 30. Rd6 Rc7 31. Qd3 Rd7 32. Rxd7 Bxd7 33. Qd6 Be6 34. b4 Qc2 35. Qd8+ Kh7 36. Qd4 g6 37. g4 Qc1 38. Kg3 Qe1+ 39. Kh2 Bc4 40. Qf6 Qf2 41. Kh1 Qg3 42. f5 g5 43. Qd4 Qe1+ 44. Kh2 Qxb4 45. f6 Qf8 46. Be4+ Kg8 47. Qe5 Qd8 48. Qe7 Qd2+ 49. Kg3 Qf4+ 50. Kg2 Qf1+ 51. Kg3 Qe1+ 52. Kg2 Qd2+ 53. Kg3 Qe1+ 54. Kg2 Bf1+ 55. Kf3 Qe2+ 56. Kg3 Qe1+ 57. Kf3 Qe2+ 58. Kg3 Qe3+ 59. Kh2 Qxh3+ 60. Kg1 Qxg4+ 61. Kxf1 Qf4+ 62. Ke2 Qg4+ 63. Kd3 Qd1+ 64. Ke3 Qe1+ 65. Kd4 Qd2+ 66. Ke5 Qf4+ 67. Kd5 Qd2+ 68. Kc5 Qc3+ 69. Kxb5 Qb3+ 0-1


[Site "https://www.chess.com"]

[Event "Titled Tuesday Blitz August 22 Late 2023"]
[White "Ansh M Shah"]
[Black "Ozalp, Burak"]
[WhiteFideId "25033379"]
[BlackFideId "6314210"]
[WhiteElo "2516"]
[BlackElo "2388"]
[Result "0-1"]
[Round "4"]
[TimeControl "180+1"]
[Date "2023.08.22"]
[WhiteClock "0:00:05"]
[BlackClock "0:00:18"]
[Board "138"]

1. d4 d5 2. Nf3 Nf6 3. g3 e6 4. Bg2 Be7 5. O-O O-O 6. b3 a5 7. a3 c6 8. Bb2 a4 9. b4 Nbd7 10. Nbd2 b5 11. Ne1 Nb6 12. Nd3 Nfd7 13. Nc5 Rb8 14. e4 Nc4 15. Nxc4 bxc4 16. Nxa4 Ba6 17. Bc3 Bf6 18. e5 Be7 19. Nc5 Nxc5 20. dxc5 Ra8 21. f4 Bb5 22. Bd4 f5 23. exf6 Bxf6 24. c3 Bxd4+ 25. Qxd4 Qf6 26. Rfe1 Qxd4+ 27. cxd4 Kf7 28. Bh3 Rfe8 29. Re5 c3 30. Re3 c2 31. Rc3 Ba4 32. Kf2 g5 33. fxg5 e5 34. dxe5 Rxe5 35. Re3 Rae8 36. Rxe5 Rxe5 37. Bf1 d4 38. Bd3 Re3 39. Bxc2 Bxc2 40. a4 Rb3 41. a5 Rxb4 42. a6 Rb8 43. a7 Ra8 44. h4 Be4 45. Ra4 Bd5 46. Ke2 Ke6 47. Rxd4 Rxa7 48. Rf4 Ra2+ 49. Ke3 Ra3+ 50. Kf2 Rc3 51. Rf6+ Ke7 52. Rh6 Rxc5 53. Rxh7+ Kf8 54. g6 Rc2+ 55. Ke3 Kg8 56. h5 Rc4 57. Rc7 Rg4 58. Rc8+ Kg7 59. Rc7+ Kg8 60. Rc8+ Kg7 61. Rc7+ Kf6 62. Kf2 Rg5 63. h6 Kxg6 64. h7 Rh5 65. g4 Rxh7 66. Rc8 Kg5 67. Kg3 Rh1 68. Rd8 Kf6 69. Kf4 Rf1+ 70. Ke3 Rf3+ 71. Ke2 Rc3 72. Kf2 Kg5 73. Rd7 Rc2+ 74. Ke3 Rc3+ 75. Kd4 Rg3 76. Kc5 Rxg4 77. Rg7+ Kf4 78. Re7 Rg5 79. Kd4 Rf5 80. Kc5 Kf3 81. Kd4 Rf4+ 82. Kc5 Re4 83. Rf7+ Ke3 84. Rf1 Kd2 85. Rf2+ Re2 86. Rf4 Kd3 87. Rh4 Be4 88. Rh3+ Re3 89. Rh4 Kd2 90. Rh2+ Re2 91. Rh3 Kd1 92. Rh4 Bf3 93. Rf4 Bd5 94. Rh4 Kd2 95. Rh3 Re3 96. Rh2+ Kc3 97. Rh4 Kb3 98. Rb4+ Ka3 99. Rh4 Rc3+ 100. Kd4 Rc1 101. Rh8 Kb2 102. Rh2+ Kb3 103. Rh8 Rd1+ 104. Kc5 Rc1+ 105. Kd4 Rc4+ 106. Kd3 Kb4 107. Rb8+ Kc5 108. Rb1 Rd4+ 109. Kc3 Rh4 110. Rb8 Rh3+ 111. Kd2 Kd4 112. Rb4+ Bc4 113. Rb8 c5 114. Rd8+ Bd5 115. Ra8 Rh2+ 116. Ke1 c4 117. Ra3 Be4 118. Ra4 Bd3 119. Ra8 Re2+ 120. Kd1 Rh2 121. Ke1 Ke3 122. Re8+ Be4 123. Rc8 Rh1# 0-1


[Site "https://www.chess.com"]

[Event "Titled Tuesday Blitz August 22 Late 2023"]
[White "ATM622"]
[Black "Hague, Ben"]
[BlackFideId "405647"]
[WhiteElo "2515"]
[BlackElo "2388"]
[Result "1-0"]
[Round "4"]
[TimeControl "180+1"]
[Date "2023.08.22"]
[WhiteClock "0:00:24"]
[BlackClock "0:00:04"]
[Board "139"]

1. d4 d5 2. c4 e6 3. Nf3 a6 4. g3 dxc4 5. Bg2 b5 6. O-O Bb7 7. a4 Nd7 8. b3 cxb3 9. Qxb3 Bd5 10. Qc2 Ngf6 11. Nc3 Bb4 12. axb5 Bxc3 13. Qxc3 axb5 14. Rxa8 Bxa8 15. Ne5 O-O 16. Nc6 Bxc6 17. Bxc6 Nb6 18. Bxb5 Nbd5 19. Qb3 Qb8 20. Ba3 Rc8 21. Rb1 h6 22. Bc6 Qa7 23. Bc5 Qa5 24. e3 Ne4 25. Qc2 Nxc5 26. dxc5 Rd8 27. Rd1 Rb8 28. Bxd5 exd5 29. Rxd5 Qa1+ 30. Rd1 Qa5 31. c6 g6 32. Kg2 Rb6 33. Rd8+ Kg7 34. Rd7 Qe5 35. Qc4 Qf5 36. Qd4+ Kh7 37. Rd8 1-0


[Site "https://www.chess.com"]

[Event "Titled Tuesday Blitz August 22 Late 2023"]
[White "Jaskolka, Tomasz"]
[Black "Ovezdurdyyeva, Jemal"]
[WhiteFideId "1170791"]
[BlackFideId "14001888"]
[WhiteElo "2514"]
[BlackElo "2378"]
[Result "0-1"]
[Round "4"]
[TimeControl "180+1"]
[Date "2023.08.22"]
[WhiteClock "0:00:09"]
[BlackClock "0:00:12"]
[Board "140"]

1. d4 Nf6 2. Nc3 d6 3. e4 g6 4. Bf4 c6 5. Qd2 h6 6. O-O-O b5 7. Kb1 b4 8. Nce2 Nxe4 9. Qe3 d5 10. f3 Nf6 11. g4 Bg7 12. Nc1 a5 13. Nd3 Nbd7 14. Re1 Ba6 15. Bd6 e6 16. Nf4 Nf8 17. Bc5 Bxf1 18. Rxf1 N6d7 19. Nd3 Nxc5 20. Nxc5 Nd7 21. Nxe6 fxe6 22. Qxe6+ Kf8 23. Qxg6 Qf6 24. Qxf6+ Bxf6 25. Ne2 Re8 26. Re1 Kf7 27. c3 Re3 28. Ng3 Rxf3 29. cxb4 axb4 30. Nf5 Rf4 31. Rhf1 Rxg4 32. Nd6+ Kg6 33. Re6 Rf8 34. Nb7 Rxd4 35. Rxc6 Rd2 36. Rc2 Rxc2 37. Kxc2 Re8 38. Rf2 Ne5 39. Nd6 Re6 40. Nf5 Nc4 41. Kb3 Ne3 42. Nh4+ Bxh4 43. Rf3 Bg5 44. Kxb4 Rd6 45. Kc5 Rd8 46. Kd4 Nf5+ 47. Ke5 d4 48. Rd3 Ne3 49. b4 Nc4+ 50. Ke4 Be3 51. a4 Nb2 52. Rb3 Nxa4 53. Kd3 Nc3 54. b5 Rb8 55. b6 Nd5 56. b7 Nc7 57. Ke4 Na6 58. Kd5 Kf5 59. Kc6 Ke4 60. Ra3 d3 61. Rxa6 d2 62. Ra1 Bf4 63. Kb6 Kd3 64. Rf1 Ke2 65. Rxf4 d1=Q 66. Ka7 Qd6 67. Ra4 Rd8 68. Ra5 Qb8+ 69. Kb6 Rd6+ 70. Kc5 Qc7+ 71. Kb4 Rb6+ 72. Ka3 Qc3+ 73. Ka4 Qb3# 0-1


[Site "https://www.chess.com"]